 Dungeon Crawl Stone Soup version 0.28.0-53-g5a82cb258f (webtiles) character file.

Game seed: 6540645036023638535

101 Sin92 the Magician (level 4, -1/32 HPs)
             Began as a Demonspawn Hedge Wizard on July 8, 2022.
             Killed from afar by Ijyb (30 damage)
             ... with a bolt of acid
             ... on level 3 of the Dungeon.
             The game lasted 00:04:57 (3827 turns).

Sin92 the Magician (Demonspawn Hedge Wizard)        Turns: 3827, Time: 00:04:57

Health: -1/32      AC:  6    Str: 10    XL:     4   Next: 48%
Magic:  3/9        EV: 12    Int: 15    God:
Gold:   48         SH:  0    Dex: 15    Spells: 8/9 levels left

rFire   . . .      SeeInvis .   h - +1 dagger (drain)
rCold   . . .      Faith    .   (no shield)
rNeg    . . .      Spirit   .   b - +0 robe
rPois   .          Reflect  .   c - +0 hat
rElec   .          Harm     .   (no cloak)
rCorr   .          Rampage  .   (no gloves)
Will    .....                   (no boots)
Stlth   ++........              (no amulet)
HPRegen 0.10/turn               f - +4 ring of protection
MPRegen 0.11/turn               (no ring)

@: very slightly contaminated
A: horns 1, demonic guardian 1
a: no special abilities


You were on level 3 of the Dungeon.
You visited 1 branch of the dungeon, and saw 3 of its levels.

You collected 48 gold pieces.

Inventory:

Hand Weapons
 a - a +0 dagger
 h - a +1 dagger of draining (weapon)
Armour
 b - a +0 robe (worn)
 c - a +0 hat (worn)
Jewellery
 f - a +4 ring of protection (left hand)
 g - a ring of flight
 m - a ring of ice
Scrolls
 e - 3 scrolls of identify {unknown}
 i - a scroll of teleportation {unknown}
 n - a scroll of enchant weapon {unknown}
 p - a scroll of fear {unknown}
 q - a scroll of noise {unknown}
Potions
 d - 3 potions of heal wounds {unknown}
 j - 2 potions of curing {unknown}
 k - a potion of degeneration {unknown}
 l - a potion of cancellation {unknown}
 o - a potion of brilliance {unknown}


   Skills:
 + Level 1.2 Fighting
 * Level 1.5 Short Blades
 + Level 2.2 Dodging
 + Level 2.2 Stealth
 + Level 3.3 Spellcasting
 + Level 1.6 Conjurations
 - Level 1.0 Summonings
 + Level 1.5 Translocations


You had 8 spell levels left.
You knew the following spells:

 Your Spells              Type           Power      Damage    Failure   Level
a - Magic Dart            Conj           28%        1d4       10%         1

Your spell library contained the following spells:

 Spells                   Type           Power      Damage    Failure   Level
 Blink                    Tloc           14%        N/A       16%         2
 Slow                     Hex            8%         N/A       19%         1
 Call Imp                 Summ           5%         N/A       19%         2
 Conjure Flame            Conj/Fire      4%         6-21      38%         3
 Mephitic Cloud           Conj/Pois/Air  4%         N/A       43%         3


Dungeon Overview and Level Annotations

Branches:
Dungeon (3/15)

Altars:

Shops:
D:1 =

Annotations:
D:3 Ijyb


Innate Abilities, Weirdness & Mutations

You have a pair of small horns on your head.
A weak demonic guardian rushes to your aid.


Message History

There are monsters nearby!
There are monsters nearby!
You miscast Magic Dart.
Nothing appears to happen.
The adder hisses angrily.
The magic dart hits the adder.
The adder is lightly wounded.
The magic dart hits the adder.
The adder is moderately wounded.
The adder closely misses you.
The magic dart hits the adder.
The adder is heavily wounded.
The adder bites you but does no damage.
The magic dart hits the adder but does no damage.
The adder is heavily wounded.
The adder misses you.
Ijyb screams, "No!
No, no, no, no!"
The adder barely misses you.
The magic dart hits the adder.
The adder is severely wounded.
The adder bites you but does no damage. Ijyb screams, "Me stronger than you!"
The adder bites you but does no damage. The adder bites you but does no damage.
You hit the adder but do no damage.
The adder is severely wounded.
The adder barely misses you.
You miss the adder.
You headbutt the adder, but do no damage.
The adder is severely wounded.
The adder closely misses you.
You hit the adder.
You kill the adder!
You hit Ijyb but do no damage. Your headbutt misses Ijyb.
Ijyb screams, "Me very upset!"
Ijyb hits you with a +0 club.
You hit Ijyb but do no damage. You drain Ijyb.
Ijyb is lightly wounded.
Ijyb zaps a wand.
The bolt of acid hits you!!
Ouch! That really hurt!
You die...

..# #.#.###.# ..#
#.#.###.# ###
#....####### .#
###.## ..# .# #.#
#.# .# ##.## #.###
.# ##...# #...#
.######....#
#g#......
.....###########@#
#####
.#####...........#
.## #.###.#####.#
#.# #.# #.# .##
#.# #.# ## #.# ...
##########.#######
...........#.....#
.###.#####.#.###.#


You could see Ijyb (drained).

Vanquished Creatures
  5 adders
  A worm (D:3)
  A dart slug (D:1)
  6 endoplasms
  A giant cockroach (D:2)
  5 goblins
  4 hobgoblins
  6 jackals
  3 kobolds (D:3)
  3 quokkas
  3 ball pythons
  A bat (D:2)
  3 frilled lizards
  4 rats
46 creatures vanquished.

Vanquished Creatures (collateral kills)
  A giant cockroach (D:2)
1 creature vanquished.

Grand Total: 47 creatures vanquished

Notes
Turn   | Place    | Note
-------+----------+-------------------------------------------
     0 | D:1      | Sin92 the Demonspawn Hedge Wizard began the quest for the
                  | Orb.
     0 | D:1      | Reached XP level 1. HP: 13/13 MP: 4/4
   147 | D:1      | Found Panuikhli's Jewellery Shoppe.
   213 | D:1      | Reached skill level 1 in Translocations
   393 | D:1      | Gained mutation: A weak demonic guardian rushes to your
                  | aid. [demonic ancestry]
   393 | D:1      | Reached XP level 2. HP: 15/20 MP: 1/6
  1583 | D:2      | Gained mutation: You have a pair of small horns on your
                  | head. [demonic ancestry]
  1583 | D:2      | Reached XP level 3. HP: 25/25 MP: 1/7
  1748 | D:2      | Reached skill level 1 in Short Blades
  1910 | D:2      | Found a faded altar of an unknown god.
  1940 | D:2      | Reached skill level 1 in Fighting
  2406 | D:2      | Reached XP level 4. HP: 32/32 MP: 2/8
  3813 | D:3      | Noticed Ijyb
  3827 | D:3      | Killed from afar by Ijyb

Illustrated notes

Levels and vault maps discovered:
D:1:      dpeg_arrival_refuge, layout_basic, serial_shops, nicolae_shop_stone
D:2:      layout_basic, chequers_ecumenical_altar_island
D:3:      mumra_celtic_spiral_tile, layout_loops_cross, grunt_ministairs_8,
          uniq_ijyb

Skill      XL: |  1  2  3 |
---------------+----------+-----
Translocations | 1 |  1.5
Dodging        | 2 |  2.2
Stealth        | 2 |  2.2
Short Blades   | 1 |  1.5
Fighting       | 1 |  1.2
Spellcasting   | |  3.3
Conjurations   | |  1.6
Summonings     | |  1.0

Action                   |  1- 3 |  4- 6 || total
-------------------------+-------+-------++-------
Melee: Dagger            |    45 |    17 ||    62
       Punch             |     2 |       ||     2
       Headbutt          |       |     3 ||     3
 Cast: Magic Dart        |    67 |    54 ||   121
Armor: Robe              |    23 |    14 ||    37
Dodge: Dodged            |    38 |    17 ||    55
